 Dungeon Crawl Stone Soup version 0.17.1-1-g73c8601 (webtiles) character file.

206 zercules the Insei (level 5, -4/33 HPs)
             Began as an Octopode Transmuter on Jan 16, 2016.
             Was an Initiate of Ru.
             Slain by Duvessa
             ... wielding a +4 short sword
              (13 damage)
             ... on level 4 of the Dungeon.
             The game lasted 00:12:20 (4104 turns).

zercules the Insei (Octopode Transmuter)            Turns: 4104, Time: 00:12:20

Health: -4/33      AC:  1    Str: 10    XL:     5   Next: 84%
Magic:  14/17      EV: 12    Int: 16    God:    Ru [......]
Gold:   148        SH:  0    Dex: 15    Spells: 2 memorised, 5 levels left

rFire  . . .     SeeInvis .     a - +2 hunting sling (freeze)
rCold  . . .     Clarity  +     (no shield)
rNeg   . . .     SustAt   .     (helmet restricted)
rPois  .         Gourm    .     r - amulet of clarity
rElec  .         Spirit   .     y - +3 ring of dexterity
rCorr  .         Warding  .     A - ring of magical power
rMut   .         Stasis   .     (no ring)
MR     .....                    (no ring)
Stlth  ++........               (no ring)
                                (no ring)
                                (no ring)
                                (no ring)

@: not resistant to hostile enchantments, unstealthy
A: almost no armour, amphibious, 8 rings, constrict 8, camouflage 1, gelatinous
body 1
a: Renounce Religion


You were on level 4 of the Dungeon.
You worshipped Ru.
Ru was noncommittal.
You were not hungry.

You visited 1 branch of the dungeon, and saw 4 of its levels.

You collected 148 gold pieces.

Inventory:

Hand Weapons
 a - a +2 hunting sling of freezing (weapon)
Missiles
 f - 8 arrows of flame
 i - 188 stones (quivered)
 v - 74 arrows
Armour
 u - a +0 buckler
Jewellery
 m - an uncursed ring of protection from fire {unknown}
 p - an uncursed ring of fire
 r - an amulet of clarity (around mantle)
 y - a +3 ring of dexterity (left tentacle)
 A - a ring of magical power (right tentacle)
Wands
 s - a wand of lightning (11)
Scrolls
 j - 3 scrolls of remove curse {unknown}
 k - a scroll of recharging {unknown}
 n - 2 scrolls of enchant weapon {unknown}
 o - a scroll of noise {unknown}
 q - 2 scrolls of amnesia {unknown}
 t - a scroll of blinking {unknown}
 w - a scroll of fear {unknown}
 x - a scroll of magic mapping {unknown}
Potions
 d - 2 potions of haste
 e - a potion of heal wounds {unknown}
 g - a potion of agility {unknown}
 l - a potion of beneficial mutation {unknown}
Books
 b - a book of Changes

   Spells                             Type                      Level
   a - Beastly Appendage              Transmutation                1
   b - Sticks to Snakes               Transmutation                2
   c - Spider Form                    Transmutation/Poison         3
   d - Ice Form                       Ice/Transmutation            4
   e - Blade Hands                    Transmutation                5
Comestibles
 c - 2 bread rations
 h - 4 meat rations


   Skills:
 - Level 1.0 Fighting
 - Level 2.0 Dodging
 + Level 4.8 Unarmed Combat
 - Level 2.0 Spellcasting
 + Level 4.4 Transmutations


You had 5 spell levels left.
You knew the following spells:

 Your Spells              Type           Power        Failure   Level  Hunger
a - Beastly Appendage     Trmt           ###...       4%          1    #......
b - Sticks to Snakes      Trmt           ###.......   8%          2    ###....


Dungeon Overview and Level Annotations

Branches:
Dungeon (4/15)
 Temple: D:4-7

Altars:
Dithmenos
Gozag
Ru
Sif Muna
Trog
Vehumet

Annotations:
D:4 Dowan, Duvessa


Innate Abilities, Weirdness & Mutations

You cannot wear most types of armour.
You are amphibious.
You can wear up to eight rings at the same time.
You can use your tentacles to constrict eight enemies at once.
Your skin changes colour to match your surroundings (Stealth).
Your rubbery body absorbs attacks (AC +1).


Message History

The puff of frost misses you.
Your ball python bites Duvessa but does no damage. x2
Your ball python constricts Duvessa.
Found 15 gold pieces.
Duvessa struggles to escape constriction.
Something bites Duvessa.
Duvessa struggles to escape constriction.
Something bites Duvessa but does no damage.
Duvessa is constricted.
It is covered in frost.
a - a +2 hunting sling of freezing (weapon)
Something bites Duvessa but does no damage.
Duvessa escapes!
You are too injured to fight recklessly!
Firing (i - inventory):
i - 189 stones (quivered)
Press: ? - help, Shift-Dir - straight line, f/p - Duvessa
Aim: Duvessa, wielding an enchanted short sword and wearing a shiny scale mail (moderately wounded, fast)
You shoot a stone. The stone barely misses Duvessa.
Duvessa hits you with an enchanted short sword!
You die...

...#..#.#.###.#.....#
######.#..#.#...#.#..####
......e...#.###.#.#..####
#.(###....#.#...#.#......
##.S.#>#.###.#.#####
......#S#.#.# #.#.#
.######.#.#.###.#.#
#...e.#.......#.#####
#.$.@.#.............#
##############.#......##.###.#
.......)..........###....#
##########...<....###.####
#.........)..# #.......######
#..............
#.......######. #########


You could see Duvessa and a friendly ball python.

Vanquished Creatures
  A centaur (D:4)
  A worker ant (D:2)
  3 adders (D:2)
  2 oozes
  2 worms (D:3)
  3 giant geckos
  2 orcs
  A ball python (D:2)
  4 bats
  A giant cockroach (D:1)
  3 hobgoblins
  7 jackals
  6 giant newts
  5 goblins
  2 kobolds
  4 quokkas
  8 rats
55 creatures vanquished.

Vanquished Creatures (collateral kills)
  An adder (D:2)
  A worm (D:2)
  A jackal skeleton (D:4)
3 creatures vanquished.

Grand Total: 58 creatures vanquished

Notes
Turn   | Place    | Note
--------------------------------------------------------------
     0 | D:1      | zercules the Octopode Transmuter began the quest for the Orb.
     0 | D:1      | Reached XP level 1. HP: 13/13 MP: 3/3
   392 | D:1      | Reached XP level 2. HP: 6/18 MP: 5/5
  1452 | D:2      | Reached XP level 3. HP: 23/23 MP: 6/6
  1532 | D:2      | Found a bloodstained altar of Trog.
  1538 | D:2      | Learned a level 2 spell: Sticks to Snakes
  2184 | D:2      | Reached XP level 4. HP: 25/28 MP: 7/7
  2194 | D:2      | Reached skill level 4 in Unarmed Combat
  3082 | D:3      | Reached XP level 5. HP: 33/33 MP: 8/8
  3488 | D:3      | Found a shadowy altar of Dithmenos.
  3502 | D:3      | Found a sacrificial altar of Ru.
  3505 | D:3      | Found an opulent altar of Gozag.
  3513 | D:3      | Found a radiant altar of Vehumet.
  3521 | D:3      | Became a worshipper of Ru the Awakened
  3844 | D:3      | Found a deep blue altar of Sif Muna.
  3911 | D:4      | Noticed a centaur
  3927 | D:4      | Killed a centaur
  4089 | D:4      | Noticed Duvessa
  4089 | D:4      | Noticed Dowan
  4104 | D:4      | Slain by Duvessa

Action                   |  1- 3 |  4- 6 || total
-------------------------+-------+-------++-------
Melee: Unarmed           |    92 |    55 ||   147
 Fire: Hunting sling     |       |    28 ||    28
Throw: Throwing net      |       |     2 ||     2
 Cast: Beastly Appendage |     1 |       ||     1
       Sticks to Snakes  |     7 |     4 ||    11
  Use: Scroll            |     4 |       ||     4
       Potion            |     2 |       ||     2
 Stab: Sleeping          |    12 |     2 ||    14
  Eat: Chunk             |     4 |     6 ||    10
       Pizza             |       |     1 ||     1
